 Dungeon Crawl Stone Soup version 0.29.1-1-gd02db6906a (webtiles) character file.

Game seed: 12206449557437633969

167 safid the Shooter (level 5, -3/45 HPs)
             Began as a Minotaur Hunter on Sept 30, 2022.
             Slain by a black bear (8 damage)
             ... on level 3 of the Dungeon.
             The game lasted 00:03:55 (2082 turns).

safid the Shooter (Minotaur Hunter)                 Turns: 2082, Time: 00:03:56

Health: -3/45      AC:  4    Str: 16    XL:     5   Next: 23%
Magic:  4/4        EV: 12    Int:  6    God:
Gold:   81         SH:  0    Dex: 15    Spells: 4/4 levels left

rFire   . . .      SeeInvis .   a - +0 shortbow
rCold   . . .      Faith    .   (shield currently unavailable)
rNeg    . . .      Spirit   .   c - +0 leather armour
rPois   .          Reflect  .   (helmet restricted)
rElec   .          Harm     .   (no cloak)
rCorr   .          Rampage  .   m - +0 pair of gloves
Will    .....                   (no boots)
Stlth   +.........              (no amulet)
HPRegen 0.15/turn               (no ring)
MPRegen 0.09/turn               (no ring)

@: no status effects
A: horns 2, retaliatory headbutt
a: no special abilities


You were on level 3 of the Dungeon.
You visited 1 branch of the dungeon, and saw 3 of its levels.

You collected 81 gold pieces.

Inventory:

Hand Weapons
 a - a +0 shortbow (weapon)
Armour
 c - a +0 leather armour (worn)
 m - a +0 pair of gloves (worn)
Scrolls
 b - a scroll of immolation
 d - a scroll of amnesia {unknown}
 e - 5 scrolls of enchant armour {unknown}
 f - 4 scrolls of identify {unknown}
 h - 2 scrolls of teleportation {unknown}
Potions
 g - a potion of invisibility {unknown}
 i - a potion of lignification {unknown}
 j - a potion of might {unknown}
 k - a potion of mutation {unknown}
 l - a potion of haste {unknown}


   Skills:
 - Level 3.0 Fighting
 + Level 7.0 Ranged Weapons
 - Level 2.1 Dodging
 - Level 0.7 Stealth


You had 4 spell levels left.
You didn't know any spells.
Your spell library contained the following spells:

 Spells                   Type           Power      Damage    Failure   Level
 Shock                    Conj/Air       0%         1d3       52%         1
 Swiftness                Air            0%         N/A       88%         3
 Airstrike                Air            0%         2d(0-16)  99%         4
 Iskenderun's Battlesphe  Conj           0%         2d6       100%        5
 Iron Shot                Conj/Erth      0%         9d1       100%        6
 Spellforged Servitor     Conj/Summ      0%         N/A       100%        7


Dungeon Overview and Level Annotations

Branches:
Dungeon (3/15)

Altars:

Shops:
D:3 *


Innate Abilities, Weirdness & Mutations

You have a pair of horns on your head.
You reflexively headbutt those who attack you in melee.


Message History

The black bear is moderately wounded.
The black bear bites you. The black bear claws you.
The black bear claws you but does no damage.
You shoot an arrow. The arrow hits the black bear!
The black bear is almost dead.
The black bear barely misses you.
The black bear claws you but does no damage. x2
You shoot an arrow.
The arrow hits the black bear but does no damage.
The black bear is almost dead.
The black bear goes berserk!
You shoot an arrow. The arrow hits the black bear.
The black bear is almost dead.
The black bear bites you.
The black bear claws you but does no damage. x2
The black bear bites you!
The black bear claws you but does no damage.
The black bear barely misses you.
Fire: a) +0 shortbow
Press: ? - help, Q - select action Shift-Dir - straight line, f/p - black bear
Aim: a black bear (severely wounded, berserk, 70% to hit)
You shoot an arrow. The arrow hits the black bear.
The black bear is almost dead.
The black bear bites you but does no damage.
The black bear claws you.
* * * LOW HITPOINT WARNING * * *
The black bear claws you but does no damage.
The black bear bites you.
* * * LOW HITPOINT WARNING * * *
The black bear claws you.
* * * LOW HITPOINT WARNING * * *
The black bear misses you.
Fire: a) +0 shortbow
Press: ? - help, Q - select action Shift-Dir - straight line, f/p - black bear
Aim: a black bear (almost dead, berserk, 70% to hit)
You shoot an arrow. The arrow barely misses the black bear.
The arrow hits the endoplasm.
The endoplasm is lightly wounded.
The black bear bites you!
You die...

#.#.#
#.#.#
#.#.#
#.#.#
#.#.#
###..#
##...##
#..###
#@##
###h#
#.{J#
#.)###
#..#
?...#
#....)
#.....
#.....


You could see a black bear (berserk) and an endoplasm.

Vanquished Creatures
  An orc priest (D:3)
  Robin (D:2)
  A gnoll (D:1)
  3 adders
  An adder skeleton (D:2)
  2 dart slugs
  4 orcs (D:3)
  A bat skeleton (D:2)
  3 bat zombies (D:2)
  3 endoplasms
  6 giant cockroaches (D:1)
  10 goblins
  6 hobgoblins
  4 jackals (D:1)
  6 ball pythons
  A ball python skeleton (D:2)
  A ball python zombie (D:2)
  4 bats
  5 frilled lizards
  A giant cockroach zombie (D:2)
  A jackal skeleton (D:2)
  4 kobolds (D:2)
  9 rats
78 creatures vanquished.

Notes
Turn   | Place    | Note
-------+----------+-------------------------------------------
     0 | D:1      | safid the Minotaur Hunter began the quest for the Orb.
     0 | D:1      | Reached XP level 1. HP: 18/18 MP: 0/0
    76 | D:1      | Found a faded altar of an unknown god.
    86 | D:1      | Reached XP level 2. HP: 26/26 MP: 1/1
   138 | D:1      | Reached skill level 5 in Ranged Weapons
   153 | D:1      | Reached XP level 3. HP: 31/31 MP: 2/2
   884 | D:2      | Noticed Robin
  1051 | D:2      | Reached XP level 4. HP: 38/38 MP: 3/3
  1053 | D:2      | Reached skill level 6 in Ranged Weapons
  1058 | D:2      | Killed Robin
  1727 | D:3      | Found Ihiqexig's General Store.
  2068 | D:3      | Reached skill level 7 in Ranged Weapons
  2068 | D:3      | Reached XP level 5. HP: 45/45 MP: 4/4
  2068 | D:3      | Noticed a black bear
  2082 | D:3      | Slain by a black bear

Illustrated notes

Levels and vault maps discovered:
D:1:      lemuel_arrival_hallway, layout_basic,
          dreamdust_ecumenical_altar_statues
D:2:      layout_loops_ring, serial_undead, serial_undead_b, serial_undead_e,
          serial_undead_a, serial_undead_d, uniq_robin
D:3:      layout_basic, serial_shops, nicolae_shop_hallway_stairs, uniq_ijyb

Skill      XL: |  1  2  3  4 |
---------------+-------------+-----
Fighting       | 3 |  3.0
Ranged Weapons | 5 7 |  7.0
Dodging        | |  2.1
Stealth        | |  0.7

Action                   |  1- 3 |  4- 6 || total
-------------------------+-------+-------++-------
 Fire: Shortbow          |    72 |   106 ||   178
Armor: Leather armour    |    19 |    19 ||    38
Dodge: Dodged            |    45 |    30 ||    75
